 Dungeon Sprint DCSS version 0.30-a0-40-gc6d0f036a7 (webtiles) character file.

Game seed: 12489287331072210143

18687 mhtbhm the Wrestler (level 12, -5/120 HPs)
             Began as a Black Draconian Transmuter on Aug 29, 2022.
             Was an Initiate of Gozag.
             Slain by an azure jelly (6 damage)
             ... in the Dungeon (Sprint III: "The Ten Rune Challenge").
             The game lasted 00:08:59 (3856 turns).

mhtbhm the Wrestler (Black Draconian Transmuter)    Turns: 3856, Time: 00:08:59

Health: -5/120     AC: 11    Str: 17    XL:     12   Next: 29%
Magic:  28/29      EV: 12    Int: 15    God:    Gozag
Gold:   9392       SH:  0    Dex: 11    Spells: 27/37 levels left

rFire   x . .      SeeInvis .      - Unarmed
rCold   + + +      Faith    .    (shield currently unavailable)
rNeg    . . .      Spirit   .    (body armour unavailable)
rPois   +          Reflect  .    (helmet currently unavailable)
rElec   .          Harm     .    (cloak currently unavailable)
rCorr   .          Rampage  .    (gloves currently unavailable)
Will    .....      NoTele   +    (boots currently unavailable)
Stlth   +++.......               (no amulet)
HPRegen 0.30/turn                (no ring)
MPRegen 0.21/turn                (no ring)

@: ice-form (expiring), wereblooded (expiring), gold aura
A: freezing attack, amphibious, boosted hp, (breathe lightning), AC +8, large,
unfitting armour, (electricity resistance), (cold-blooded), (talons 1), wild
magic 1
a: End Transformation, Renounce Religion, Potion Petition, Call Merchant, Bribe
Branch


You were in the Dungeon.
You worshipped Gozag.
Gozag was greatly pleased with you.
You were a creature of crystalline ice.
You visited 1 branch You collected 9392 gold pieces.

Inventory:

Armour
 b - a +1 hat (melded)
Wands
 n - a wand of digging (4)
Scrolls
 a - a scroll of poison
 h - a scroll of enchant weapon {unknown}
 k - a scroll of brand weapon {unknown}
Potions
 c - a potion of curing
 d - a potion of berserk rage
 e - 2 potions of magic
 f - 2 potions of haste
 i - a potion of degeneration {unknown}
 j - 2 potions of flight {unknown}
 l - a potion of mutation
Miscellaneous
 m - a condenser vane (inert)


   Skills:
 + Level 7.4 Fighting
 + Level 8.9 Dodging
 + Level 6.8 Stealth
 + Level 21.0 Unarmed Combat
 + Level 13.0 Spellcasting
 + Level 12.6 Transmutations
 + Level 8.2 Ice Magic
 + Level 2.6 Evocations


You had 27 spell levels left.
You knew the following spells:

 Your Spells              Type           Power      Damage    Failure   Level
a - Beastly Appendage     Tmut           100%       N/A       1%          1
b - Wereblood             Tmut           58%        N/A       1%          2
c - Spider Form           Tmut/Pois      37%        N/A       3%          3
d - Ice Form              Ice/Tmut       52%        N/A       2%          4

Your spell library contained the following spells:

 Spells                   Type           Power      Damage    Failure   Level
 Malign Gateway           Summ/Tloc      6%         N/A       100%        7
 Summon Horrible Things   Summ           6%         N/A       100%        8


Dungeon Overview and Level Annotations

Branches:
Dungeon (1/1)

Altars:
Cheibriados
Dithmenos
Elyvilon
Fedhas
Gozag
Hepliaklqana
Kikubaaqudgha
Makhleb
Nemelex Xobeh
Okawaru
Qazlal
Ru
Sif Muna
Trog
Uskayaw
Vehumet
Wu Jian
Xom
Yredelemnul
Zin
The Shining One
Jiyva
Lugonu

Shops:
D :


Innate Abilities, Weirdness & Mutations

You are a creature of crystalline ice.
You have a powerful freezing melee attack.
You are amphibious.
Your maximum health is increased.
Your armour is entirely melded.
You are incapable of wielding weapons or throwing items.
((You can breathe wild blasts of lightning.))
((Your glossy black scales are hard. (AC +8)))
You cannot fit into any form of body armour.
((You are resistant to electric shocks. (rElec)))
((You are cold-blooded and may be slowed by cold attacks.))
((You have sharp toenails.))
Your spells are a little harder to cast, but a little more powerful.


Message History

The azure jelly hits you but does no damage. x2
The azure jelly barely misses you. The azure jelly hits you.
* * * LOW HITPOINT WARNING * * *
Unknown command.
You hit the azure jelly.
The azure jelly is almost dead.
The azure jelly is no longer distracted by gold.
The azure jelly hits you.
* * * LOW HITPOINT WARNING * * *
The azure jelly freezes you! You resist.
* * * LOW HITPOINT WARNING * * *
The azure jelly hits you but does no damage.
The azure jelly hits you.
* * * LOW HITPOINT WARNING * * *
The azure jelly hits you.
* * * LOW HITPOINT WARNING * * *
The azure jelly hits you but does no damage.
The azure jelly hits you!
* * * LOW HITPOINT WARNING * * *
The azure jelly freezes you! You resist.
* * * LOW HITPOINT WARNING * * *
The azure jelly closely misses you. x2
Okay, then.
Okay, then.
Okay, then.
Clouds of flame condense around you!
The condenser dries out!
Your transformation is almost over.
The azure jelly is engulfed in blazing flames.
You feel a bit better.
You kill the azure jelly!
The azure jelly is engulfed in blazing flames.
The azure jelly hits you.
* * * LOW HITPOINT WARNING * * *
The azure jelly freezes you. You resist.
* * * LOW HITPOINT WARNING * * *
The azure jelly closely misses you.
The azure jelly hits you but does no damage.
The azure jelly hits you.
You die...
Your body crumbles into a pile of gold.

▓...#~≈≈≈≈§~≈~♣♣.≈≈≈≈
▓.P.#≈~≈§§§~~≈~'.....
▓...#~≈~§§§≈≈~♣♣♣♣♣♣♣
▓..)#≈≈≈~≈~§≈≈♣
▓##'####'#######♣ ♣
▓.........[.....♣♣ ♣
▓#+#############'♣ ♣
▓.§J#~..$.$$$....♣
▓.§JY~~...########
▓.§§#~~~........
▓.§§#~~~~.......
#+#############+


You could see 2 azure jellies.

Vanquished Creatures
  Rupert (D)
  Gastronok (D)
  2 azure jellies (D)
  2 dire elephants (D)
  Josephine (D)
  A centaur warrior (D)
  4 death yaks (D)
  An orc high priest (D)
  Urug (D)
  A lindwurm (D)
  A deep elf pyromancer (D)
  2 elephants (D)
  2 black mambas (D)
  2 cane toads (D)
  A rime drake (D)
  An unseen horror (D)
  A komodo dragon (D)
  A queen bee (D)
  2 tyrant leeches (D)
  3 wandering mushrooms (D)
  8 blink frogs (D)
  A shadow (D)
  3 redbacks (D)
  A spatial vortex (D)
  2 orc warriors (D)
  A swamp drake (D)
  2 centaurs (D)
  An earth elemental (D)
  A necrophage (D)
  A water elemental (D)
  A scorpion (D)
  24 killer bees (D)
  A jelly (D)
  3 orc priests (D)
  A wizard (D)
  3 orc wizards (D)
  A necromancer (D)
  A kobold demonologist (D)
  3 humans (D)
  9 orcs (D)
  An endoplasm (D)
  3 rats (D)
103 creatures vanquished.

Vanquished Creatures (collateral kills)
  8 killer bees (D)
8 creatures vanquished.

Vanquished Creatures (others)
  10 plants (D)
10 creatures vanquished.

Grand Total: 121 creatures vanquished

Notes
Turn   | Place    | Note
-------+----------+-------------------------------------------
     0 | D        | mhtbhm the Draconian Transmuter began the quest for the
                  | Orb.
     0 | D        | Reached XP level 1. HP: 16/16 MP: 3/3
   278 | D        | Noticed a scorpion
   285 | D        | Killed a scorpion
   286 | D        | Reached skill level 6 in Unarmed Combat
   286 | D        | Reached XP level 2. HP: 22/23 MP: 3/6
   286 | D        | Reached XP level 3. HP: 27/28 MP: 4/8
   293 | D        | Reached XP level 4. HP: 19/35 MP: 4/9
   490 | D        | Gained mutation: You have a pair of small horns on your
                  | head. [potion of mutation]
   490 | D        | Gained mutation: You are agile. (Dex +4, Str/Int -1)
                  | [potion of mutation]
   490 | D        | Gained mutation: Your body sometimes deteriorates upon
                  | taking damage. [potion of mutation]
   490 | D        | Gained mutation: You have a pair of horns on your head.
                  | [potion of mutation]
   491 | D        | Lost mutation: Your body sometimes deteriorates upon taking
                  | damage. [potion of mutation]
   491 | D        | Lost mutation: You are agile. (Dex +4, Str/Int -1) [potion
                  | of mutation]
   491 | D        | Lost mutation: You have a pair of horns on your head.
                  | [potion of mutation]
   491 | D        | Gained mutation: You occasionally lose the ability to drink
                  | potions when taking damage. [potion of mutation]
   491 | D        | Gained mutation: Your spells are a little harder to cast,
                  | but a little more powerful. [potion of mutation]
   492 | D        | Lost mutation: You occasionally lose the ability to drink
                  | potions when taking damage. [potion of mutation]
   492 | D        | Lost mutation: You have a pair of small horns on your head.
                  | [potion of mutation]
   492 | D        | Gained mutation: You have sharp toenails. [potion of
                  | mutation]
   498 | D        | Learned a level 2 spell: Wereblood
   502 | D        | Learned a level 3 spell: Spider Form
   507 | D        | Learned a level 4 spell: Ice Form
   735 | D        | Noticed a water elemental
   742 | D        | Killed a water elemental
   743 | D        | Reached skill level 1 in Stealth
   743 | D        | Reached skill level 7 in Unarmed Combat
   753 | D        | Noticed a shadow
   755 | D        | Killed a shadow
   756 | D        | Reached skill level 8 in Unarmed Combat
   756 | D        | Reached skill level 5 in Spellcasting
   756 | D        | Reached skill level 5 in Transmutations
   756 | D        | Reached skill level 1 in Ice Magic
   756 | D        | Reached XP level 5. HP: 37/40 MP: 5/13
   756 | D        | Reached XP level 6. HP: 44/47 MP: 5/14
   758 | D        | Reached skill level 9 in Unarmed Combat
   911 | D        | Found a blossoming altar of Fedhas.
   911 | D        | Found a stormy altar of Qazlal.
   911 | D        | Found a snail-covered altar of Cheibriados.
   911 | D        | Found a burning altar of Makhleb.
   911 | D        | Found a shimmering altar of Xom.
   912 | D        | Found a hazy altar of Hepliaklqana.
   912 | D        | Found an opulent altar of Gozag.
   912 | D        | Found a sparkling altar of Nemelex Xobeh.
   912 | D        | Found a corrupted altar of Lugonu.
   912 | D        | Found a viscous altar of Jiyva.
   912 | D        | Noticed a spatial vortex
   923 | D        | Killed a spatial vortex
   924 | D        | Became a worshipper of Gozag Ym Sagoz the Greedy
  1041 | D        | Found a shadowy altar of Dithmenos.
  1046 | D        | Reached skill level 10 in Unarmed Combat
  1050 | D        | Your scales start taking on a glossy black colour.
  1050 | D        | Reached XP level 7. HP: 52/52 MP: 11/17
  1050 | D        | Gained mutation: You are resistant to electric shocks.
                  | (rElec) [Black Draconian growth]
  1050 | D        | Found a basalt altar of Yredelemnul.
  1050 | D        | Found a sacrificial altar of Ru.
  1054 | D        | Found a hide-covered altar of Uskayaw.
  1054 | D        | Found an iron altar of Okawaru.
  1055 | D        | Found a bloodstained altar of Trog.
  1055 | D        | Found an ornate altar of the Wu Jian Council.
  1055 | D        | Noticed a human
  1055 | D        | Noticed a human
  1061 | D        | Killed a human
  1064 | D        | Killed a human
  1065 | D        | Reached skill level 5 in Dodging
  1065 | D        | Reached skill level 11 in Unarmed Combat
  1066 | D        | Found a glowing silver altar of Zin.
  1066 | D        | Found a glowing golden altar of the Shining One.
  1066 | D        | Found a white marble altar of Elyvilon.
  1066 | D        | Noticed a deep elf pyromancer
  1072 | D        | Killed a deep elf pyromancer
  1073 | D        | Reached XP level 8. HP: 36/61 MP: 15/20
  1227 | D        | Found a radiant altar of Vehumet.
  1227 | D        | Found a shimmering blue altar of Sif Muna.
  1227 | D        | Found an ancient bone altar of Kikubaaqudgha.
  1408 | D        | Noticed Josephine
  1419 | D        | Killed Josephine
  1420 | D        | Reached skill level 12 in Unarmed Combat
  1420 | D        | Reached skill level 5 in Ice Magic
  1771 | D        | Noticed an orc high priest
  1777 | D        | Noticed a hellwing
  1778 | D        | Noticed a red devil
  1779 | D        | Noticed an ice devil
  1780 | D        | Reached skill level 13 in Unarmed Combat
  1780 | D        | Reached XP level 9. HP: 49/68 MP: 15/22
  1796 | D        | Noticed a rust devil
  1796 | D        | Noticed a sixfirhy
  1796 | D        | Killed an orc high priest
  1797 | D        | Reached skill level 14 in Unarmed Combat
  1815 | D        | Found Egoffer's Book Emporium.
  1988 | D        | Noticed a centaur warrior
  1995 | D        | Killed a centaur warrior
  1996 | D        | Reached skill level 10 in Transmutations
  1998 | D        | Reached skill level 10 in Spellcasting
  2000 | D        | Reached skill level 15 in Unarmed Combat
  2213 | D        | Killed an unseen horror
  2214 | D        | Reached XP level 10. HP: 78/78 MP: 19/24
  2325 | D        | Reached skill level 1 in Evocations
  2326 | D        | Reached skill level 16 in Unarmed Combat
  2339 | D        | Reached skill level 5 in Fighting
  2509 | D        | Noticed a cane toad
  2509 | D        | Noticed a cane toad
  2512 | D        | Killed a cane toad
  2516 | D        | Killed a cane toad
  2517 | D        | Reached skill level 17 in Unarmed Combat
  2788 | D        | Reached XP level 11. HP: 64/89 MP: 24/26
  2937 | D        | Noticed a lindwurm
  2946 | D        | Killed a lindwurm
  2947 | D        | Reached skill level 5 in Stealth
  2989 | D        | Noticed Urug
  3000 | D        | Killed Urug
  3001 | D        | Reached skill level 18 in Unarmed Combat
  3385 | D        | Noticed Rupert
  3392 | D        | Killed Rupert
  3426 | D        | Noticed a dire elephant
  3426 | D        | Noticed a dire elephant
  3426 | D        | Noticed Gastronok
  3430 | D        | Reached skill level 19 in Unarmed Combat
  3493 | D        | Killed Gastronok
  3496 | D        | Killed a dire elephant
  3497 | D        | Killed a dire elephant
  3787 | D        | Noticed an azure jelly
  3787 | D        | Noticed an azure jelly
  3787 | D        | Noticed an azure jelly
  3788 | D        | Noticed an azure jelly
  3805 | D        | Noticed a death yak
  3805 | D        | Noticed a death yak
  3806 | D        | Noticed a death yak
  3814 | D        | Noticed a death yak
  3816 | D        | Killed a death yak
  3817 | D        | Reached skill level 20 in Unarmed Combat
  3820 | D        | Killed a death yak
  3821 | D        | Reached XP level 12. HP: 81/100 MP: 23/28
  3823 | D        | Killed a death yak
  3825 | D        | Killed a death yak
  3850 | D        | Killed an azure jelly
  3851 | D        | Reached skill level 21 in Unarmed Combat
  3855 | D        | HP: 5/120 [azure jelly (7)]
  3856 | D        | Killed an azure jelly
  3856 | D        | HP: 1/120 [azure jelly (3)]
  3856 | D        | Slain by an azure jelly

Illustrated notes

Levels and vault maps discovered:
D:        dungeon_sprint_mu [sprint_mu_entry_cave, sprint_mu_temple_rooms,
          sprint_mu_d1_horrors, sprint_mu_d2_genie, sprint_mu_d3_branching,
          sprint_mu_orc_legion, sprint_mu_elf_gauntlet, sprint_mu_hive_nellie,
          sprint_mu_lair_fedhas, sprint_mu_vaults_butterflies,
          sprint_mu_slime_circle, sprint_mu_swamp_cave, sprint_mu_shoals_kraken,
          sprint_mu_blade_basic, sprint_mu_crypt_fortress,
          sprint_mu_tomb_spiral, sprint_mu_vestibule_basic,
          sprint_mu_gehenna_hellfire, sprint_mu_dis_giant,
          sprint_mu_tartarus_statrot, sprint_mu_cocytus_islands, sprint_mu_zot1]

Skill      XL: |  1  2  3  4  5  6  7  8  9 10 11 12 |
---------------+-------------------------------------+-----
Dodging        | 2 3 4 5 6 7 8 |  8.9
Unarmed Combat | 6 8 10 11 13 15 17 20 21 | 21.0
Spellcasting   | 3 5 6 8 9 10 11 12 13 | 13.0
Transmutations | 3 5 6 8 9 10 11 12 | 12.6
Stealth        | 1 2 3 4 6 |  6.8
Ice Magic      | 1 3 4 5 6 7 8 |  8.2
Fighting       | 2 4 5 7 |  7.4
Evocations     | 1 2 |  2.6

Action                   |  1- 3 |  4- 6 |  7- 9 | 10-12 || total
-------------------------+-------+-------+-------+-------++-------
Melee: Unarmed           |    23 |    26 |    68 |   138 ||   255
       Headbutt          |     1 |       |       |     1 ||     2
       Punch             |     1 |       |       |     1 ||     2
       Tailslap          |     1 |       |       |       ||     1
       Kick              |       |       |       |     2 ||     2
 Cast: Beastly Appendage |     3 |       |     1 |     1 ||     5
       Ice Form          |       |     3 |     4 |     8 ||    15
       Wereblood         |       |     3 |     3 |     8 ||    14
 Abil: Breathe Lightning |       |       |     3 |     1 ||     4
Evoke: Condenser vane    |       |       |     1 |     4 ||     5
  Use: Potion            |     1 |     3 |     3 |     2 ||     9
       Scroll            |       |       |     1 |     1 ||     2
 Stab: Sleeping          |     1 |       |       |     3 ||     4
       Confused          |       |       |       |     1 ||     1
       Distracted        |       |       |       |     1 ||     1
Armor: Skin              |    14 |     3 |    27 |    30 ||    74
Dodge: Dodged            |     7 |     7 |    29 |    53 ||    96

Table legend: (Time is in decaauts)
 A = Elapsed time spent in this place.
 B = Non-inter-level travel time spent in this place.
 C = Inter-level travel time spent in this place.
 D = Time resting spent in this place.
 E = Time spent auto-exploring this place.
 F = Levels seen in this place.
 G = Mean time per level.
                   A        B        C        D        E       F      G
               +--------+--------+--------+--------+--------+-----+--------+
         Total |   3789 |   3789 |      0 |   2748 |    105 |   1 | 3789.0 |
       Dungeon |   3789 |   3789 |      0 |   2748 |    105 |   1 | 3789.0 |
               +--------+--------+--------+--------+--------+-----+--------+

Top non-repeatable levels by time:
       D: 3789 daAuts
